Map: Rafa otchłani ER

Players

Safer

  • Race: Zerg Zerg
  • League: Gold
  • Spawn Location: 5:00

Majkel - Winner!

  • Race: Terran Terran
  • League: Platinum
  • Spawn Location: 11:00

VOD

Have the link to the VOD?

Description

Time

  • Played on: Dec. 17, 2017, 11:33 a.m.
  • Length: 6:21
Show
View Real Time Build Order
Export as new Build Order

Safer Zerg 

Build Orders: Pool Only 

Get SALT Encoding   

  12  0:25  Spawning Pool  
  12  0:28  Drone x2  
  13  0:32  Drone  
  14  0:42  Extractor  
  14  0:43  Drone  
  14  0:45  Extractor  
  13  0:52  Overlord  
  13  1:00  Drone  
  14  1:12  Queen  
  16  1:27  Roach Warren  
  15  1:41  Drone x2  
  15  1:43  Drone  
  18  2:08  Roach x2  
  22  2:13  Overlord  
  22  2:33  Roach  
  22  2:34  Roach x2  
  28  2:40  Overlord  
  28  3:19  Drone x4  
  32  3:28  Roach x3  
  36  3:54  Roach  
  30  4:16  Roach x4  
  38  4:17  Overlord  
Show
View Real Time Build Order
Export as new Build Order

Majkel Terran - Winner!

Build Orders: Cyclone Opening 

Get SALT Encoding   

  12  0:00  SCV  
  13  0:13  SCV  
  14  0:20  Supply Depot  
  14  0:25  SCV  
  15  0:36  Refinery  
  15  0:41  SCV  
  16  0:47  Barracks  
  16  0:53  SCV  
  17  1:05  Refinery, SCV  
  18  1:17  SCV  
  19  1:29  SCV  
  20  1:35  Factory  
  20  1:42  SCV  
  20  1:44  Supply Depot  
  20  1:46  Reaper  
  22  1:54  SCV  
  23  2:03  Bunker  
  23  2:06  SCV  
  24  2:18  SCV  
  24  2:20  Cyclone  
  28  2:27  Marine  
  29  2:30  SCV  
  30  2:37  Supply Depot  
  31  2:58  SCV  
  31  3:00  Cyclone  
  34  3:10  Marine  
  35  3:16  Barracks  
  35  3:18  Starport  
  35  3:29  Marine  
  36  3:34  Cyclone  
  36  3:37  Supply Depot  
  36  3:41  Supply Depot  
  39  4:01  Liberator  
  39  4:14  Command Center  
  39  4:23  Barracks Reactor  
  42  4:37  SCV  
  43  4:42  Marine  
  43  4:43  Cyclone  
  47  4:51  Orbital Command  
  47  5:01  Bunker  
  47  5:05  Marine x2  
  49  5:23  Marine  
  50  5:35  Starport Reactor  
  50  5:43  Barracks  
  50  5:44  SCV x2  
  52  5:56  SCV x2  
  54  6:03  Marine x3  
  57  6:08  SCV x2  
Tags
 
Add a new tag
Caveats
  • Supply blocks, unpowered buildings, or Contaminate may cause inaccurate times.
  • Supply counts are checked every 10 seconds.